 Dungeon Crawl Stone Soup version 0.28.0-62-gf88900778d (webtiles) character file.

Game seed: 12942591580716523440

126 cbfl8 the Slasher (level 4, -5/34 HPs)
             Began as a Demonspawn Gladiator on Apr 10, 2024.
             Slain by an orc
             ... wielding a +0 mace
              (6 damage)
             ... on level 2 of the Dungeon.
             The game lasted 00:01:58 (2985 turns).

cbfl8 the Slasher (Demonspawn Gladiator)            Turns: 2985, Time: 00:01:58

Health: -5/34      AC:  7    Str: 14    XL:     4   Next: 84%
Magic:  4/4        EV: 12    Int: 10    God:
Gold:   80         SH:  0    Dex: 16    Spells: 3/3 levels left

rFire   . . .      SeeInvis .   a - +0 long sword
rCold   . . .      Faith    .   (no shield)
rNeg    . . .      Spirit   .   b - +0 leather armour
rPois   .          Reflect  .   c - +0 helmet
rElec   .          Harm     .   (no cloak)
rCorr   .          Rampage  .   (no gloves)
Will    .....                   (no boots)
Stlth   +.........              (no amulet)
HPRegen 0.11/turn               (no ring)
MPRegen 0.09/turn               (no ring)

@: no status effects
A: thin metallic scales 2
a: no special abilities


You were on level 2 of the Dungeon.
You visited 1 branch of the dungeon, and saw 3 of its levels.

You collected 80 gold pieces.

Inventory:

Hand Weapons
 a - a +0 long sword (weapon)
Missiles
 d - 3 throwing nets (quivered)
Armour
 b - a +0 leather armour (worn)
 c - a +0 helmet (worn)
Scrolls
 f - a scroll of fog {unknown}
 g - 2 scrolls of teleportation {unknown}
 i - a scroll of blinking {unknown}
 l - a scroll of enchant weapon {unknown}
Potions
 e - a potion of resistance {unknown}
 h - a potion of ambrosia {unknown}
 j - 2 potions of heal wounds {unknown}
 k - a potion of magic {unknown}


   Skills:
 + Level 2.6 Fighting
 + Level 3.9 Long Blades
 + Level 1.8 Throwing
 + Level 1.4 Armour
 - Level 2.6 Dodging
 * Level 1.9 Evocations


You had 3 spell levels left.
You didn't know any spells.
Your spell library contained the following spells:

 Spells                   Type           Power      Damage    Failure   Level
 Sting                    Tmut/Pois      0%         1d3       43%         1
 Call Canine Familiar     Summ           0%         N/A       80%         3
 Ignite Poison            Fire/Tmut/Pois 0%         N/A       80%         3
 Portal Projectile        Hex/Tloc       0%         N/A       80%         3
 Leda's Liquefaction      Hex/Erth       0%         N/A       99%         4
 Statue Form              Tmut/Erth      0%         N/A       100%        6


Dungeon Overview and Level Annotations

Branches:
Dungeon (3/15)

Altars:
Vehumet


Innate Abilities, Weirdness & Mutations

You are mostly covered in thin metallic scales. (AC +3)


Message History

The orc hits you with a +0 mace. The goblin barely misses you.
A phantom comes into view.
The hobgoblin closely misses you.
Unknown command.
Unknown command.
You are too injured to fight recklessly!
Unknown command.
The orc barely misses you. The goblin misses you. The goblin barely misses you.
There is an escape hatch in the ceiling here.
The orc hits you but does no damage. A mysterious force pulls you upwards.
The hatch slams shut behind you.
You hit the orc but do no damage.
The orc is heavily wounded.
The orc completely misses you. The goblin hits you but does no damage.
The orc hits you but does no damage.
You closely miss the orc.
The orc is heavily wounded.
The goblin misses you. The orc barely misses you.
The goblin hits you but does no damage.
You hit the orc but do no damage.
The orc is heavily wounded.
The orc closely misses you. The goblin hits you with a +0 dagger.
You barely miss the orc.
The orc is heavily wounded.
The orc hits you with a +0 mace.
* * * LOW HITPOINT WARNING * * *
The goblin hits you with a +0 dagger.
* * * LOW HITPOINT WARNING * * *
You closely miss the orc.
The orc is heavily wounded.
The orc hits you but does no damage. The goblin hits you with a +0 dagger.
* * * LOW HITPOINT WARNING * * *
Unknown command.
You hit the orc but do no damage.
The orc is heavily wounded.
The orc hits you with a +0 mace.
* * * LOW HITPOINT WARNING * * *
The goblin misses you. The orc hits you with a +0 mace.
You die...

#.################
#...........).....
#.################ #.# #.# #####
#.######...#######
#..........#......
################g.........#.#####
................@o.............[.
################.##########.#.###
##### #............#'### #...#
###########....... #...# #.......
#...# #....... #...# #..#...#
#...# #..###.#
###...####################..# #.#


You could see an orc and a goblin.

Vanquished Creatures
  Jessica (D:2)
  3 gnolls
  2 adders (D:3)
  A worm (D:1)
  A dart slug (D:1)
  An orc (D:2)
  An endoplasm (D:3)
  3 giant cockroaches (D:2)
  2 goblins (D:1)
  6 hobgoblins
  2 jackals (D:1)
  3 kobolds
  5 quokkas
  5 ball pythons (D:3)
  7 bats
  A frilled lizard (D:1)
  6 rats
50 creatures vanquished.

Notes
Turn   | Place    | Note
-------+----------+-------------------------------------------
     0 | D:1      | cbfl8 the Demonspawn Gladiator began the quest for the Orb.
     0 | D:1      | Reached XP level 1. HP: 16/16 MP: 1/1
   140 | D:1      | Found a faded altar of an unknown god.
   201 | D:1      | Got the Tome of Transmutation
   252 | D:1      | Reached skill level 3 in Long Blades
   303 | D:1      | Gained mutation: You are partially covered in thin metallic
                  | scales. (AC +2) [demonic ancestry]
   303 | D:1      | Reached XP level 2. HP: 21/22 MP: 2/2
   490 | D:1      | Reached skill level 1 in Evocations
  1102 | D:1      | Found a radiant altar of Vehumet.
  1491 | D:2      | Noticed Jessica
  1498 | D:3      | Reached XP level 3. HP: 19/27 MP: 3/3
  1689 | D:2      | Killed Jessica
  2218 | D:2      | Gained mutation: You are mostly covered in thin metallic
                  | scales. (AC +3) [demonic ancestry]
  2218 | D:2      | Reached XP level 4. HP: 27/34 MP: 4/4
  2286 | D:3      | Reached skill level 1 in Armour
  2974 | D:3      | Noticed a phantom
  2985 | D:2      | HP: 1/34 [orc/+0 mace (3)]
  2985 | D:2      | Slain by an orc

Illustrated notes

Levels and vault maps discovered:
D:1:      wander_arrival_fairy_ring, layout_basic,
          shapermc_ecumenical_altar_mp_ritualfount, st_stairs_8,
          grunt_decor_mini_mirrors, grunt_decor_resistance,
          kennysheep_flooded_box, nicolae_wormholes
D:2:      layout_basic, uniq_jessica
D:3:      minmay_angry_zag, layout_rooms, lemuel_round_altar

Skill      XL: |  1  2  3  4 |
---------------+-------------+-----
Long Blades    | 3 |  3.9
Evocations     | 1 |  1.9
Armour         | 1 |  1.4
Fighting       | |  2.6
Throwing       | |  1.8
Dodging        | |  2.6

Action                   |  1- 3 |  4- 6 || total
-------------------------+-------+-------++-------
Melee: Long sword        |    92 |    78 ||   170
       Punch             |     2 |     1 ||     3
 Stab: Sleeping          |       |     1 ||     1
Armor: Leather armour    |    32 |    43 ||    75
Dodge: Dodged            |    67 |    80 ||   147
